 Dungeon Crawl Stone Soup version 0.26.1-11-gd32895ea62 (webtiles) character file.

Game seed: 17664595636409747918

220 tizbic2 the Slasher (level 5, -10/41 HPs)
             Began as a Demigod Gladiator on July 2, 2021.
             Mangled by Pikel
             ... wielding a +2 whip of electrocution
              (15 damage)
             ... on level 3 of the Dungeon.
             The game lasted 00:10:37 (2167 turns).

tizbic2 the Slasher (Demigod Gladiator)             Turns: 2167, Time: 00:10:38

Health: -10/41     AC:  7    Str: 17    XL:     5   Next: 37%
Magic:  7/7        EV: 13    Int: 12    God:
Gold:   132        SH:  0    Dex: 19    Spells: 4/4 levels left

rFire    . . .     SeeInvis .   a - +1 long sword
rCold    . . .     Faith    .   (no shield)
rNeg     . . .     Spirit   .   o - +0 ring mail
rPois    .         Reflect  .   c - +0 helmet
rElec    .         Harm     .   (no cloak)
rCorr    .         Rampage  .   (no gloves)
Will     .....                  n - +0 pair of boots
Stlth    +.........             i - amulet of regeneration
HPRegen  0.53/turn              (no ring)
MPRegen  0.10/turn              (no ring)

@: hasted, very quick
A: high mp 1
a: no special abilities


You were on level 3 of the Dungeon.
You visited 1 branch of the dungeon, and saw 4 of its levels.

You collected 132 gold pieces.

Inventory:

Hand Weapons
 a - a +1 long sword (weapon)
Missiles
 d - 3 throwing nets
 m - 7 javelins
 p - 12 poisoned darts (quivered)
 q - 7 boomerangs
Armour
 c - a +0 helmet (worn)
 n - a +0 pair of boots (worn)
 o - a +0 ring mail (worn)
Jewellery
 e - an uncursed ring of magical power {unknown}
 i - an amulet of regeneration (around neck)
Scrolls
 b - 4 scrolls of identify {unknown}
 k - 3 scrolls of remove curse
Potions
 f - a potion of mutation {unknown}
 g - a potion of cancellation {unknown}
 h - a potion of might {unknown}
 j - a potion of invisibility {unknown}
 l - a potion of heal wounds {unknown}
 r - a potion of attraction {unknown}
 s - a potion of haste
 t - a potion of degeneration {unknown}
 u - a potion of magic {unknown}


   Skills:
 + Level 2.1 Fighting
 * Level 4.8 Long Blades
 - Level 1.7 Throwing
 + Level 1.2 Armour
 * Level 3.6 Dodging
 + Level 0.8 Stealth


You had 4 spell levels left.
You didn't know any spells.
Your spell library was empty.

Dungeon Overview and Level Annotations

Branches:
Dungeon (4/15)
 Temple: D:4-7

Annotations:
D:3 Pikel


Innate Abilities, Weirdness & Mutations

You have an increased reservoir of magic. (+10% MP)


Message History

You miss the lemure. The lemure hits you but does no damage.
The lemure barely misses you.
You riposte.
You barely miss the lemure. You completely miss Pikel.
Pikel hits you with a +2 whip of electrocution.
You are electrocuted!!
There is a stone staircase leading up here.
Pikel hits you with a +2 whip of electrocution.
You climb upwards.
There is a stone staircase leading down here.
You slash Pikel!
Pikel is moderately wounded.
Pikel hits you with a +2 whip of electrocution!
* * * LOW HITPOINT WARNING * * *
It was a potion of haste.
You feel yourself speed up. Pikel barely misses you.
You hit Pikel.
Pikel is moderately wounded.
Pikel hits you with a +2 whip of electrocution.
* * * LOW HITPOINT WARNING * * *
You are electrocuted!
You die...

#.#.##.##.##.####.##..##.........
#.#.##.##.........##.....######..
#......#####.#########.### #..
###.##.......# #.# #..
#.########## #.# #.. #....#
####### #.# #.. ###.##.# #.....#
#.# ######.. ...###.#
#.(...#######.##........
.###≈#'#≈##.....@K...............
.# #_..._##....####).#.##........
.# #######.....# #..#.# ######..
.####........### ##..#.##### #..
.<......####. #......#...# #..
#####[#.####. #...#.......##..
#......#.# #...#........#..
###.##.#.#####...#...........
#.##.#.....................


You could see Pikel.

Vanquished Creatures
  Natasha (thrice) (D:3)
  A worker ant (D:2)
  A hound skeleton (D:4)
  4 adders
  A worm (D:3)
  A dart slug (D:1)
  2 leopard geckos
  3 ball pythons
  12 bats
  A giant cockroach (D:1)
  9 goblins
  9 hobgoblins
  3 jackals (D:1)
  A quokka (D:2)
  3 frilled lizards
  5 kobolds
  7 rats
66 creatures vanquished.

Notes
Turn   | Place    | Note
-------+----------+-------------------------------------------
     0 | D:1      | tizbic2 the Demigod Gladiator began the quest for the Orb.
     0 | D:1      | Reached XP level 1. HP: 17/17 MP: 3/3
    73 | D:1      | Reached skill level 3 in Long Blades
   223 | D:1      | Reached XP level 2. HP: 24/24 MP: 4/4
   697 | D:1      | Reached XP level 3. HP: 29/29 MP: 5/5
   903 | D:2      | Found a broken altar of Ashenzari.
  1101 | D:2      | Reached XP level 4. HP: 30/36 MP: 6/6
  1126 | D:2      | Reached skill level 4 in Long Blades
  1569 | D:3      | Noticed Natasha
  1574 | D:3      | Killed Natasha
  1675 | D:3      | Noticed Natasha
  1687 | D:3      | Killed Natasha
  1688 | D:3      | Reached XP level 5. HP: 26/41 MP: 7/7
  1961 | D:3      | Found a blossoming altar of Fedhas.
  1961 | D:3      | Found a white marble altar of Elyvilon.
  2030 | D:3      | Noticed Natasha
  2039 | D:3      | Killed Natasha
  2131 | D:4      | Reached skill level 1 in Armour
  2143 | D:4      | Noticed Pikel
  2167 | D:3      | Mangled by Pikel

Illustrated notes

Levels and vault maps discovered:
D:1:      psy_arrival_dodecagon, layout_basic, minmay_crystal_water
D:2:      layout_loops_cross, evilmike_ruin_ashenzari
D:3:      layout_loops_cross, gammafunk_temple_overflow_elements, uniq_natasha
D:4:      layout_basic, serial_shops, shop, nicolae_shop_crystal,
          nicolae_shop_stone, shop, gammafunk_ghost_split, minmay_manual_mares,
          uniq_pikel

Skill      XL: |  1  2  3  4  5 |
---------------+----------------+-----
Dodging        | 3 |  3.6
Long Blades    | 3 4 |  4.8
Fighting       | 2 |  2.1
Armour         | 1 |  1.2
Throwing       | |  1.7
Stealth        | |  0.8

Action                   |  1- 3 |  4- 6 || total
-------------------------+-------+-------++-------
Melee: Long sword        |    71 |    80 ||   151
  Use: Scroll            |     4 |       ||     4
       Potion            |       |     1 ||     1
 Stab: Sleeping          |     2 |       ||     2
Armor: Leather armour    |    37 |     3 ||    40
       Ring mail         |       |    21 ||    21
Dodge: Dodged            |    64 |    78 ||   142
       Rpst.: Long sword |    24 |    25 ||    49
